 Dungeon Crawl Stone Soup version 0.21.1-1-g345015fe64 (webtiles) character file.

6443 JOKERXD40 the Cleaver (level 10, -13/93 HPs)
             Began as a Minotaur Berserker on July 10, 2018.
             Was a High Priest of Trog.
             Mangled by a two-headed ogre
             ... wielding a +0 giant spiked club
              (17 damage)
             ... on level 9 of the Dungeon.
             The game lasted 00:16:07 (6439 turns).

JOKERXD40 the Cleaver (Minotaur Berserker)          Turns: 6439, Time: 00:16:07

Health: -13/93     AC: 19    Str: 25    XL:     10   Next: 67%
Magic:  9/9        EV:  8    Int:  4    God:    Trog [*****.]
Gold:   411        SH:  0    Dex: 10    Spells: 9/9 levels left

rFire    . . .     SeeInvis .   C - +3 war axe
rCold    . . .     Gourm    +   (no shield)
rNeg     . . .     Faith    .   x - +1 plate armour
rPois    +         Spirit   .   (helmet restricted)
rElec    .         Reflect  .   A - +0 cloak
rCorr    .         Harm     .   p - +0 pair of gloves
MR       .....                  n - +0 pair of boots
Stlth    ..........             u - amulet of the gourmand
HPRegen  0.25/turn              j - ring of poison resistance
MPRegen  0.11/turn              (no ring)

@: berserk cooldown, slowed, very slow
A: retaliatory headbutt, horns 2
a: Berserk, Trog's Hand, Brothers in Arms, Burn Spellbooks, Renounce Religion


You were on level 9 of the Dungeon.
You worshipped Trog.
Trog was extremely pleased with you.
You were very full.

You visited 1 branch of the dungeon, and saw 9 of its levels.

You collected 519 gold pieces.
You spent 108 gold pieces at shops.

Inventory:

Hand Weapons
 C - a +3 war axe (weapon)
Missiles
 g - 11 tomahawks (quivered)
Armour
 n - a +0 pair of boots (worn)
 p - a +0 pair of gloves (worn)
 x - a +1 plate armour (worn)
 A - a +0 cloak (worn)
Jewellery
 j - a ring of poison resistance (left hand)
 u - an amulet of the gourmand (around neck)
Wands
 f - a wand of flame (59)
 E - a wand of iceblast (5)
Scrolls
 d - 6 scrolls of identify
 e - a scroll of fear {unknown}
 k - 6 scrolls of teleportation
 l - 3 scrolls of enchant armour
 m - 5 scrolls of remove curse
 r - 2 scrolls of amnesia {unknown}
 s - a scroll of fog {unknown}
 t - a scroll of blinking {unknown}
 y - a scroll of noise {unknown}
 z - a scroll of magic mapping {unknown}
 F - 2 scrolls of enchant weapon {unknown}
Potions
 a - a potion of haste {unknown}
 b - a potion of berserk rage {unknown}
 h - a potion of degeneration {unknown}
 i - 2 potions of agility
 o - a potion of lignification {unknown}
 q - 2 potions of heal wounds
 v - 3 potions of might {unknown}
 w - a potion of cancellation {unknown}
 B - a potion of flight {unknown}
 G - a potion of brilliance
 H - a potion of curing {unknown}
Comestibles
 c - 17 rations
 D - a chunk of flesh


   Skills:
 + Level 9.9 Fighting
 + Level 13.7 Axes
 + Level 10.0 Armour
 + Level 3.0 Dodging
 + Level 0.6 Stealth


You had 9 spell levels left.
You didn't know any spells.

Dungeon Overview and Level Annotations

Branches:
Dungeon (9/15)             Temple (0/1) D:7            Lair (0/6) D:9
    Orc: D:9-12

Altars:
Ashenzari
Cheibriados
Trog
Uskayaw
Xom

Shops:
D:5 }   D:6 [


Innate Abilities, Weirdness & Mutations

You reflexively headbutt those who attack you in melee.
You have a pair of horns on your head.


Message History

You feel a strong urge to attack something.
You feel your anger nearly subside.
You are no longer berserk.
You pass out from exhaustion.
You feel yourself slow down.
The two-headed ogre hits you with a giant spiked club!
The two-headed ogre hits you with a giant club!
The two-headed ogre hits you but does no damage.
The two-headed ogre hits you with a giant club.
You can move again.
You are too injured to fight recklessly!
You closely miss the two-headed ogre.
The two-headed ogre hits you with a giant spiked club!!
* * * LOW HITPOINT WARNING * * *
The two-headed ogre hits you with a giant club!
* * * LOW HITPOINT WARNING * * *
A centaur skeleton comes into view.
You slash the two-headed ogre! You headbutt the two-headed ogre.
The two-headed ogre is moderately wounded.
The two-headed ogre hits you with a giant spiked club!
You die...

#..........
#.....Z...##############
#.........#.............
#.........#.............
#.#.......#.............
#.........#.............
#......O..#....###....##
#......@.##....###....#.
#........#.....##.....#.
#.#####..#....<##.....#.
#.#####..#.....##.....#.
#........'.....##.....'.
#........#########....#.
#.........#....###....##
#.........#...........##
#.........#...........##


You could see a two-headed ogre and a centaur skeleton.

Vanquished Creatures
  3 two-headed ogres
  Erica (D:9)
  Grinder (D:5)
  A hippogriff (D:7)
  Sigmund (D:5)
  A wyvern (D:9)
  The ghost of spacerossing the Cudgeler, an amateur FoFi (D:4)
  Menkaure (D:4)
  Edmund (D:5)
  A water moccasin (D:5)
  An ice beast (D:9)
  2 black bears
  2 phantoms
  5 ogres
  A big kobold (D:7)
  3 bullfrogs
  A water moccasin zombie (D:7)
  A scorpion (D:8)
  4 killer bees (D:7)
  5 wights (D:7)
  4 howler monkeys
  3 crimson imps
  A quasit (D:8)
  4 bullfrog zombies
  2 jellies
  Crazy Yiuf (D:4)
  3 hounds
  A bullfrog skeleton (D:7)
  An iguana (D:8)
  Terence (D:2)
  2 orc wizards
  5 worker ants
  A hound zombie (D:5)
  A howler monkey skeleton (D:5)
  4 adders
  4 gnolls (D:3)
  2 shadow imps
  An ooze (D:1)
  2 adder zombies (D:5)
  2 adder skeletons
  3 worms
  A dart slug (D:1)
  5 leopard geckos
  19 orcs
  6 giant cockroaches
  5 goblins
  6 hobgoblins
  9 jackals
  10 kobolds
  5 quokkas
  A ball python (D:1)
  9 bats
  2 frilled lizards
  A quokka skeleton (D:6)
  7 rats
  3 fungi (D:4)
174 creatures vanquished.

Vanquished Creatures (others)
  A wyvern skeleton (D:7)
  4 fungi (D:4)
5 creatures vanquished.

Grand Total: 179 creatures vanquished

Notes
Turn   | Place    | Note
-------+----------+-------------------------------------------
     0 | D:1      | JOKERXD40 the Minotaur Berserker began the quest for the Orb.
     0 | D:1      | Reached XP level 1. HP: 19/19 MP: 0/0
    78 | D:1      | Reached XP level 2. HP: 15/27 MP: 1/1
   317 | D:1      | Reached skill level 4 in Axes
   757 | D:1      | Reached XP level 3. HP: 34/34 MP: 2/2
   898 | D:2      | Noticed Terence
   908 | D:2      | Killed Terence
   908 | D:2      | Reached ** piety under Trog
   955 | D:2      | Found a hide-covered altar of Uskayaw.
   986 | D:2      | Found a shattered altar of Ashenzari.
  1021 | D:2      | Reached XP level 4. HP: 31/41 MP: 3/3
  1671 | D:3      | Reached skill level 5 in Axes
  1680 | D:3      | Reached skill level 5 in Fighting
  1912 | D:3      | Found a shimmering altar of Xom.
  2020 | D:3      | Found a snail-covered altar of Cheibriados.
  2152 | D:3      | Reached XP level 5. HP: 48/48 MP: 4/4
  2230 | D:4      | Noticed an ogre
  2239 | D:4      | Killed an ogre
  2294 | D:4      | Noticed a phantom
  2304 | D:4      | Reached *** piety under Trog
  2329 | D:4      | Noticed an ogre
  2334 | D:4      | Killed an ogre
  2334 | D:4      | Reached skill level 6 in Axes
  2334 | D:4      | Reached XP level 6. HP: 22/56 MP: 5/5
  2571 | D:4      | Noticed spacerossing's ghost (amateur FoFi)
  2580 | D:4      | Killed spacerossing's ghost
  2580 | D:4      | Reached skill level 7 in Axes
  2580 | D:4      | Reached XP level 7. HP: 62/62 MP: 6/6
  2650 | D:4      | Reached skill level 5 in Armour
  2673 | D:4      | Noticed Menkaure
  2677 | D:4      | Killed Menkaure
  2729 | D:4      | Found a runed door.
  2850 | D:4      | Noticed Crazy Yiuf
  2853 | D:4      | Killed Crazy Yiuf
  2943 | D:4      | Reached skill level 8 in Axes
  3045 | D:4      | Noticed a two-headed ogre
  3055 | D:4      | Killed a two-headed ogre
  3055 | D:4      | Reached skill level 9 in Axes
  3055 | D:4      | Reached XP level 8. HP: 47/71 MP: 7/7
  3338 | D:5      | Entered Level 5 of the Dungeon
  3390 | D:5      | Noticed Edmund
  3396 | D:5      | Killed Edmund
  3396 | D:5      | Reached skill level 10 in Axes
  3451 | D:5      | Reached **** piety under Trog
  3478 | D:5      | Found Sucij's Gadget Shop.
  3521 | D:5      | Reached XP level 9. HP: 73/78 MP: 8/8
  3588 | D:5      | Noticed Sigmund
  3602 | D:5      | Killed Sigmund
  3602 | D:5      | Reached skill level 11 in Axes
  3703 | D:5      | Noticed Grinder
  3711 | D:5      | Killed Grinder
  4087 | D:6      | Found Kahileg's Antique Armour Shoppe.
  4108 | D:6      | Bought a pair of gloves for 108 gold pieces
  4481 | D:7      | Reached skill level 12 in Axes
  4487 | D:7      | Reached ***** piety under Trog
  4758 | D:7      | Found a bloodstained altar of Trog.
  4895 | D:7      | Received a gift from Trog
  5165 | D:7      | Found a staircase to the Ecumenical Temple.
  5196 | D:8      | Noticed a two-headed ogre
  5202 | D:8      | Killed a two-headed ogre
  5202 | D:8      | Reached XP level 10. HP: 90/90 MP: 9/9
  5319 | D:8      | Noticed a two-headed ogre
  5326 | D:8      | Killed a two-headed ogre
  5326 | D:8      | Reached skill level 13 in Axes
  6316 | D:9      | Found a staircase to the Lair.
  6361 | D:9      | Noticed Erica
  6375 | D:9      | Killed Erica
  6375 | D:9      | Reached skill level 10 in Armour
  6431 | D:9      | Noticed a two-headed ogre
  6438 | D:9      | HP: 4/93 [two-headed ogre/giant spiked club (10)]
  6439 | D:9      | Mangled by a two-headed ogre

Skill      XL: |  1  2  3  4  5  6  7  8  9 10 |
---------------+-------------------------------+-----
Fighting       | 4 5 6 8 9 |  9.9
Axes           | 4 5 6 7 9 10 12 13 | 13.7
Armour         | 3 4 7 9 10 | 10.0
Dodging        | 3 |  3.0
Stealth        | |  0.6

Action                   |  1- 3 |  4- 6 |  7- 9 | 10-12 || total
-------------------------+-------+-------+-------+-------++-------
Melee: Hand axe          |    80 |   110 |    17 |       ||   207
       Headbutt          |     8 |    19 |    46 |     9 ||    82
       War axe           |       |       |   184 |    47 ||   231
Invok: Berserk           |       |     3 |     6 |     3 ||    12
       Burn Spellbooks   |       |       |     1 |       ||     1
  Use: Scroll            |       |       |    10 |       ||    10
  Eat: Chunk             |       |    26 |    13 |     5 ||    44
       Ration            |       |       |       |     1 ||     1
Armor: Animal skin       |     7 |       |       |       ||     7
       Chain mail        |    22 |    11 |       |       ||    33
       Leather armour    |     2 |       |       |       ||     2
       Plate armour      |       |    40 |   124 |    25 ||   189
Dodge: Dodged            |    50 |    48 |    93 |    14 ||   205
